 Dungeon Crawl Stone Soup version 0.29.1-13-g9f3cf754e1 (webtiles) character file.

Game seed: 6658671968785524363

7928 McKennaii the Fighter (level 10, -1/91 HPs)
             Began as a Demigod Fighter on Feb 6, 2023.
             Slain by a troll (4 damage)
             ... on level 10 of the Dungeon.
             The game lasted 00:16:15 (9608 turns).

McKennaii the Fighter (Demigod Fighter)             Turns: 9608, Time: 00:16:17

Health: -1/91      AC: 19    Str: 29    XL:     10   Next: 73%
Magic:  13/13      EV:  9    Int: 10    God:
Gold:   1756       SH:  0    Dex: 15    Spells: 9/9 levels left

rFire   + . .      SeeInvis .   y - +9 battleaxe of Responsibility {flame, Dex+2}
rCold   . . .      Faith    .   (shield currently unavailable)
rNeg    . . .      Spirit   .   B - +0 plate armour
rPois   +          Reflect  .   (no helmet)
rElec   .          Harm     .   v - +0 cloak
rCorr   .          Rampage  .   K - +2 pair of gloves
Will    +....                   x - +0 pair of boots
Stlth   ..........              o - amulet of regeneration
HPRegen 1.05/turn               f - ring of protection from fire
MPRegen 0.13/turn               I - ring of poison resistance

@: no status effects
A: high MP 1, forlorn, divine attributes
a: no special abilities


You were on level 10 of the Dungeon.
You visited 1 branch of the dungeon, and saw 10 of its levels.
You also visited: Bailey.

You collected 1756 gold pieces.

Inventory:

Hand Weapons
 h - a +5 broad axe
 y - the +9 battleaxe of Responsibility (weapon) {flame, Dex+2}
   (You found it on level 5 of the Dungeon)

   It burns those it strikes, dealing additional fire damage.
   Big, fiery blades are also staple armaments of hydra-hunters.
   Dex:       It affects your dexterity (+2).
Missiles
 n - 2 throwing nets (quivered)
Armour
 c - a +0 buckler
 v - a +0 cloak (worn)
 x - a +0 pair of boots (worn)
 B - a +0 plate armour (worn)
 K - a +2 pair of gloves (worn)
Magical Staves
 C - a staff of conjuration
Jewellery
 f - a ring of protection from fire (left hand)
 g - a ring of ice
 o - an amulet of regeneration (around neck)
 D - an amulet of magic regeneration
 I - a ring of poison resistance (right hand)
Wands
 p - a wand of flame (7)
 H - a wand of digging (7)
Scrolls
 a - 2 scrolls of noise
 b - 3 scrolls of fear
 e - 5 scrolls of teleportation
 k - 2 scrolls of summoning
 l - a scroll of torment
 m - 2 scrolls of silence {unknown}
 q - 4 scrolls of blinking
 r - 3 scrolls of amnesia
 t - 3 scrolls of enchant armour {unknown}
 u - 3 scrolls of enchant weapon {unknown}
 E - 2 scrolls of magic mapping {unknown}
 L - a scroll of identify
Potions
 d - 5 potions of might
 i - 2 potions of haste
 j - 2 potions of brilliance
 s - a potion of ambrosia
 w - 3 potions of cancellation {unknown}
 z - 5 potions of curing {unknown}
 A - 2 potions of flight {unknown}
 F - 2 potions of invisibility {unknown}
 G - 2 potions of mutation {unknown}
 J - 4 potions of attraction {unknown}


   Skills:
 + Level 9.0 Fighting
 - Level 4.5 Long Blades
 + Level 9.0 Axes
 + Level 7.9 Armour
 - Level 4.1 Dodging
 - Level 2.6 Shields


You had 9 spell levels left.
You didn't know any spells.
Your spell library contained the following spells:

 Spells                   Type           Power      Damage    Failure   Level
 Beastly Appendage        Tmut           0%         N/A       97%         1
 Blink                    Tloc           0%         N/A       99%         2
 Sublimation of Blood     Necr           0%         N/A       99%         2
 Wereblood                Tmut           0%         N/A       99%         2
 Inner Flame              Hex/Fire       0%         N/A       100%        3
 Spider Form              Tmut/Pois      0%         N/A       100%        3
 Cause Fear               Hex            0%         N/A       100%        4
 Hailstorm                Conj/Ice       0%         3d3       100%        4
 Ice Form                 Ice/Tmut       0%         N/A       100%        4
 Manifold Assault         Tloc           0%         N/A       100%        5
 Simulacrum               Ice/Necr       0%         N/A       100%        6
 Storm Form               Tmut/Air       0%         N/A       100%        7
 Summon Hydra             Summ           0%         N/A       100%        7
 Discord                  Hex            0%         N/A       100%        8


Dungeon Overview and Level Annotations

Branches:
Dungeon (10/15)            Temple (0/1) D:5          Bailey (visited)
   Lair: D:8-11         Orc: D:9-12


Innate Abilities, Weirdness & Mutations

You have an increased reservoir of magic. (+10% MP)
You shall have no god before yourself.
Your divine heritage dramatically boosts your attributes as you level up.


Message History

The troll attacks as you move away! The troll bites you!
The troll barely misses you. The troll claws you but does no damage.
The yak closely misses you.
Unknown command.
You slash the yak! You burn the yak.
The yak is severely wounded.
You barely miss the troll. You closely miss the yak. The yak gores you!
* * * LOW HITPOINT WARNING * * *
The troll bites you.
* * * LOW HITPOINT WARNING * * *
The troll claws you.
* * * LOW HITPOINT WARNING * * *
The troll claws you but does no damage.
The yak gores you but does no damage. x2
The troll barely misses you. x2; The troll claws you but does no damage.
The yak closely misses you.
You closely miss the troll.
The troll is lightly wounded.
You slice the yak!! You burn the yak.
You kill the yak!
You hit the yak. You burn the yak. The troll barely misses you.
The troll claws you but does no damage. x2
The yak gores you but does no damage.
You closely miss the troll.
The troll is lightly wounded.
You slash the yak! You burn the yak.
You kill the yak!
The troll bites you but does no damage. The troll claws you!
* * * LOW HITPOINT WARNING * * *
The troll claws you but does no damage.
Your Axes skill increases to level 9!
You slash the troll! You burn the troll.
The troll is moderately wounded.
The troll barely misses you. x2; The troll claws you but does no damage.
You slash the troll! You burn the troll.
The troll is heavily wounded.
The troll bites you but does no damage. The troll claws you!
* * * LOW HITPOINT WARNING * * *
The troll claws you but does no damage. The troll bites you but does no damage.
The troll claws you but does no damage. The troll claws you.
You die...

..# ..# #..
..###########
#.###### .
..'.........#
#.#<.... .
..#########.#
#.##... .# ..#
######.###.##.###.#
#.#
#....>.†..........+
#.#
#.###.)).#.#T.#$#.#
. ..#
##.#...@†.....#...
###
#.##.##....#.....
#.##..##.........
##
#........††#.#...
.# #####.##.....#
.# #.##..
.............
.#####.##.####
#####.#.....
.......#....#
.#.....
.......+..#.# .#
#...


You could see a troll.

Vanquished Creatures
  An orc warlord (Bailey)
  A two-headed ogre (D:8)
  Prince Ribbit (D:7)
  A troll (D:10)
  A hornet (D:9)
  A vampire (D:9)
  A wyvern (D:10)
  10 yaks
  2 steam dragons
  2 vampire mosquitoes (D:8)
  An acid dragon (D:10)
  5 orc warriors (Bailey)
  2 black bears
  2 ogres
  2 centaurs
  4 bullfrogs
  2 necrophages
  2 scorpions
  A gnoll sergeant (D:8)
  8 wights
  3 killer bees (D:8)
  8 howler monkeys
  A crimson imp (D:4)
  4 hounds
  Crazy Yiuf (D:5)
  6 orc priests
  3 jellies
  3 iguanas
  9 orc wizards
  Terence (D:2)
  16 gnolls
  10 adders
  A white imp (D:6)
  3 worms
  4 dart slugs
  54 orcs
  8 ball pythons
  2 bats (D:1)
  11 endoplasms
  3 giant cockroaches
  10 goblins
  12 hobgoblins
  16 jackals
  6 quokkas
  3 frilled lizards
  A goblin zombie (D:4)
  A hobgoblin zombie (D:4)
  8 kobolds
  2 orc skeletons (D:4)
  An orc zombie (D:4)
  4 rats
265 creatures vanquished.

Vanquished Creatures (others)
  A human (D:5)
  2 plants (D:5)
3 creatures vanquished.

Grand Total: 268 creatures vanquished

Notes
Turn   | Place    | Note
-------+----------+-------------------------------------------
     0 | D:1      | McKennaii the Demigod Fighter began the quest for the Orb.
     0 | D:1      | Reached XP level 1. HP: 18/18 MP: 3/3
   375 | D:1      | Reached XP level 2. HP: 19/25 MP: 4/4
   903 | D:2      | Noticed Terence
   957 | D:2      | Reached XP level 3. HP: 29/31 MP: 5/5
  1219 | D:2      | Identified the +4 leather armour of Weirdness {rN+}
  1655 | D:2      | Killed Terence
  1656 | D:2      | Reached XP level 4. HP: 35/38 MP: 6/6
  2642 | D:3      | Reached XP level 5. HP: 46/46 MP: 7/7
  3369 | D:4      | Noticed a centaur
  3384 | D:4      | Killed a centaur
  3692 | D:4      | Reached XP level 6. HP: 51/52 MP: 8/8
  4078 | D:4      | You fall into a shaft and drop 2 floors!
  4757 | D:5      | Entered Level 5 of the Dungeon
  4908 | D:4      | Reached skill level 5 in Armour
  4908 | D:4      | Reached XP level 7. HP: 60/60 MP: 9/9
  4945 | D:4      | Reached skill level 5 in Fighting
  5228 | D:5      | Identified the +9 battleaxe of Responsibility {flame,
                  | Dex+2}
  5384 | D:5      | Noticed a human
  5386 | D:5      | Killed a human
  5388 | D:5      | Reached skill level 1 in Axes
  5420 | D:5      | Found a staircase to the Ecumenical Temple.
  5517 | D:5      | Found a runed translucent door.
  5518 | D:5      | Noticed Crazy Yiuf
  6033 | D:5      | Reached XP level 8. HP: 44/69 MP: 10/10
  6178 | D:5      | Reached skill level 1 in Dodging
  6618 | D:5      | Killed Crazy Yiuf
  6897 | D:6      | Paralysed by an orc for 2 turns
  7224 | D:7      | Found a flagged portal.
  7234 | D:7      | Reached skill level 5 in Axes
  7271 | Bailey   | Entered a bailey
  7276 | Bailey   | Noticed an orc warlord
  7427 | Bailey   | Found a runed translucent gate.
  7430 | Bailey   | Found a runed translucent gate.
  7432 | Bailey   | Found a runed translucent gate.
  7562 | Bailey   | Killed an orc warlord
  7563 | Bailey   | Reached XP level 9. HP: 56/79 MP: 11/11
  7825 | D:7      | Noticed Prince Ribbit
  7831 | D:7      | Killed Prince Ribbit
  8569 | D:8      | Reached XP level 10. HP: 53/88 MP: 13/13
  8684 | D:8      | Noticed a two-headed ogre
  8693 | D:8      | Killed a two-headed ogre
  8932 | D:9      | Paralysed by a hornet for 2 turns
  9023 | D:9      | Identified the +1 leather armour of Vehumet's Anger {rElec}
  9125 | D:9      | Acquired 1061 gold pieces
  9469 | D:10     | Entered Level 10 of the Dungeon
  9608 | D:10     | HP: 3/91 [troll (8)]
  9608 | D:10     | Slain by a troll

Illustrated notes

Levels and vault maps discovered:
D:1:      dpeg_arrival_erosion, layout_rooms
D:2:      layout_basic, basic_altar, uniq_terence
D:3:      layout_loops_ring, general_overflow_altar,
          nicolae_ru_sacrificial_ziggurat, feat_on_display
D:4:      layout_basic, nicolae_tso_besieged_by_evil,
          nicolae_overflow_crystal_walls, supply_closet_lemuel,
          minmay_misc_feat_chi
D:5:      lemuel_castle_with_subvaults [lemuel_castle_interior_carwin_2],
          layout_basic, tgw_kikubaaqudgha, minmay_temple_entry_fiery,
          uniq_crazy_yiuf_cottage
D:6:      layout_loops_ring, nzn_wu_jian_contemplation,
          nzn_hepliaklqana_mist_gate, corexii_leaking_fountain,
          hangedman_abyss_or_decor_stabs
D:7:      layout_cave_pools, mainiacjoe_overflow_two_lobes, enter_bailey_5,
          uniq_prince_ribbit1
D:8:      layout_basic
D:9:      layout_rooms
D:10:     layout_basic, nicolae_elyvilon_peaceful_grove

Skill      XL: |  1  2  3  4  5  6  7  8  9 10 |
---------------+-------------------------------+-----
Long Blades    | 2 3 4 |  4.5
Fighting       | 3 4 5 7 9 |  9.0
Armour         | 3 4 5 6 7 |  7.9
Axes           | 3 6 7 9 |  9.0
Dodging        | 4 |  4.1
Shields        | |  2.6

Action                   |  1- 3 |  4- 6 |  7- 9 | 10-12 || total
-------------------------+-------+-------+-------+-------++-------
Melee: Long sword        |   145 |   305 |    42 |       ||   492
       Battleaxe         |       |       |   196 |    79 ||   275
Evoke: Wand              |       |     5 |     8 |       ||    13
  Use: Potion            |     1 |       |     2 |       ||     3
       Scroll            |       |       |     6 |     6 ||    12
 Stab: Sleeping          |       |     1 |     1 |       ||     2
       Paralysed         |       |       |     2 |       ||     2
Armor: Scale mail        |    36 |       |       |       ||    36
       Leather armour    |    28 |   135 |    91 |       ||   254
       Skin              |       |       |     1 |       ||     1
       Plate armour      |       |       |    31 |    60 ||    91
Dodge: Dodged            |    72 |   176 |   145 |    45 ||   438
Block: Buckler           |    36 |    66 |     7 |       ||   109
